 Dungeon Crawl Stone Soup version 0.30-a0-696-g2367cd04db (webtiles) character file.

Game seed: 11254967911872720942

674 Rennog the Trooper (level 7, -2/54 HPs)
             Began as an Octopode Fighter on Jan 20, 2023.
             Splashed by a jelly's acid (6 damage)
             ... on level 4 of the Dungeon.
             The game lasted 00:07:26 (2540 turns).

Rennog the Trooper (Octopode Fighter)               Turns: 2540, Time: 00:07:26

Health: -2/54      AC: -3    Str: 16    XL:     7   Next: 59%
Magic:  7/7        EV: 29    Int: 10    God:
Gold:   145        SH:  4    Dex: 13    Spells: 6/6 levels left

rFire   . . .      SeeInvis .    a - +0 rapier
rCold   . . .      Faith    .    b - +0 buckler
rNeg    . . .      Spirit   .    (helmet restricted)
rPois   .          Reflect  .    g - amulet of the acrobat
rElec   .          Harm     .    (no ring)
rCorr   .          Rampage  .    (no ring)
Will    .....                    (no ring)
Stlth   +++                      (no ring)
HPRegen 0.29/turn                (no ring)
MPRegen 0.10/turn                (no ring)
                                 (no ring)
                                 (no ring)

@: mighty, corroded, acrobatic
A: almost no armour, amphibious, 8 rings, camouflage 1, gelatinous body 1,
(nimble swimmer 1), tentacles
a: no special abilities


You were on level 4 of the Dungeon.
You visited 1 branch of the dungeon, and saw 4 of its levels.

You collected 195 gold pieces.
You spent 50 gold pieces at shops.

Inventory:

Hand Weapons
 a - a +0 rapier (weapon)
Armour
 b - a +0 buckler (worn)
Jewellery
 g - an amulet of the acrobat (around mantle)
Scrolls
 e - a scroll of enchant armour
 f - a scroll of acquirement {unknown}
 h - 5 scrolls of teleportation
 i - a scroll of brand weapon {unknown}
 j - a scroll of magic mapping {unknown}
 l - 2 scrolls of amnesia
 m - 2 scrolls of fear
 n - a scroll of identify
 q - a scroll of poison {unknown}
 r - a scroll of enchant weapon {unknown}
 t - a scroll of noise {unknown}
Potions
 d - a potion of degeneration
 k - a potion of lignification
 o - a potion of brilliance
 p - a potion of magic {unknown}
 s - a potion of attraction {unknown}
 u - a potion of haste {unknown}
 v - a potion of curing {unknown}


   Skills:
 * Level 7.4 Fighting
 - Level 2.0 Short Blades
 + Level 5.1 Dodging
 - Level 1.0 Stealth
 - Level 3.0 Shields


You had 6 spell levels left.
You didn't know any spells.
Your spell library contained the following spells:

 Spells                   Type           Power      Damage    Failure   Level
 Shock                    Conj/Air       0%         1d3       45%         1
 Ensorcelled Hibernation  Hex/Ice        0%         N/A       58%         2
 Spider Form              Tmut/Pois      0%         N/A       83%         3
 Swiftness                Air            0%         N/A       83%         3
 Airstrike                Air            0%         2d(0-16)  99%         4
 Anguish                  Hex/Necr       0%         N/A       99%         4
 Animate Dead             Necr           0%         N/A       99%         4
 Haunt                    Necr/Summ      0%         N/A       100%        7
 Infestation              Necr           0%         N/A       100%        8


Dungeon Overview and Level Annotations

Branches:
Dungeon (4/15)
 Temple: D:4-7

Altars:
Xom
Yredelemnul

Shops:
D:4 ?

Annotations:
D:4 Robin


Innate Abilities, Weirdness & Mutations

You cannot wear most types of armour.
You are amphibious.
You can wear up to eight rings at the same time.
Your skin changes colour to match your surroundings (Stealth+).
Your rubbery body absorbs attacks. (AC +1, EV +1)
((You are camouflaged when in or above water. (Stealth+)))
You have tentacles for arms and can constrict up to eight enemies at once.


Message History

Found 16 gold pieces.
A jelly comes into view.
Found a ring mail.
Pikel shouts!
You feel very mighty all of a sudden.
You barely miss Pikel. You grab Pikel. You squeeze Pikel.
Pikel is lightly wounded.
You constrict Pikel, but do no damage.
Pikel hits you with a +2 whip of electrocution!
You are electrocuted!
The jelly quivers.
You puncture Pikel!
Pikel is moderately wounded.
You constrict Pikel, but do no damage. Pikel closely misses you.
Pikel completely misses you.
You puncture Pikel! You squeeze Pikel!
Pikel is almost dead.
You constrict Pikel. The jelly closely misses you. Pikel closely misses you.
You hit Pikel.
You kill Pikel!
The jelly barely misses you.
Your Fighting skill gained 2 levels and is now at level 7!
Your Dodging skill increases to level 5!
You have reached level 7!
You barely miss the jelly. The jelly hits you.
You are splashed with acid.
* * * LOW HITPOINT WARNING * * *
You puncture the jelly! The acid corrodes you!
Your tentacles burn!
* * * LOW HITPOINT WARNING * * *
The jelly is severely wounded.
The jelly hits you.
* * * LOW HITPOINT WARNING * * *
You are splashed with acid.
* * * LOW HITPOINT WARNING * * *
The jelly attacks as you move away! The jelly completely misses you.
Robin of the Strong Arm comes into view.
They are wielding a +0 whip.
The jelly attacks as you move away! The jelly completely misses you.
The jelly attacks as you move away! The jelly hits you.
* * * LOW HITPOINT WARNING * * *
You are splashed with acid.
You die...

## ##. ####..
#....# #....#
...
#####..@.##...#
#...#..J.......
#...#..........
#..............
#$...........g.
#...)#.........
#..........[...
#....#..###....
####....# ##..


You could see a jelly and Robin (wandering).

Vanquished Creatures
  Pikel (D:4)
  A scorpion (D:4)
  A jelly (D:4)
  3 adders
  A worm (D:4)
  5 dart slugs
  7 orcs (D:3)
  9 ball pythons
  10 bats
  4 endoplasms
  4 giant cockroaches
  5 hobgoblins
  10 jackals (D:1)
  8 kobolds
  4 quokkas
  3 frilled lizards
  6 goblins
  5 rats
87 creatures vanquished.

Notes
Turn   | Place    | Note
-------+----------+-------------------------------------------
     0 | D:1      | Rennog the Octopode Fighter began the quest for the Orb.
     0 | D:1      | Reached XP level 1. HP: 16/16 MP: 1/1
    74 | D:1      | Reached XP level 2. HP: 19/21 MP: 2/2
   218 | D:1      | Reached skill level 4 in Fighting
   240 | D:1      | Reached XP level 3. HP: 27/27 MP: 3/3
   317 | D:1      | Reached skill level 1 in Stealth
   363 | D:1      | Found a faded altar of an unknown god.
   849 | D:2      | Reached XP level 4. HP: 34/34 MP: 4/4
  1003 | D:2      | Found a basalt altar of Yredelemnul.
  1598 | D:3      | Found a shimmering altar of Xom.
  1780 | D:3      | Reached skill level 5 in Fighting
  1804 | D:3      | Reached XP level 5. HP: 28/39 MP: 5/5
  2213 | D:4      | Noticed a lemure
  2213 | D:4      | Noticed a lemure
  2260 | D:4      | Noticed a sky beast
  2326 | D:4      | Found Guitu's Magic Scroll Shop.
  2334 | D:4      | Bought a scroll of identify for 20 gold pieces
  2334 | D:4      | Bought a scroll of teleportation for 30 gold pieces
  2422 | D:4      | Reached XP level 6. HP: 22/46 MP: 6/6
  2512 | D:4      | Noticed Pikel
  2532 | D:4      | Killed Pikel
  2533 | D:4      | Reached skill level 7 in Fighting
  2533 | D:4      | Reached skill level 5 in Dodging
  2533 | D:4      | Reached XP level 7. HP: 22/54 MP: 7/7
  2538 | D:4      | Noticed Robin
  2540 | D:4      | Splashed by a jelly's acid

Illustrated notes

Levels and vault maps discovered:
D:1:      dpeg_arrival_concentric_ovals, layout_loops_cross,
          shapermc_ecumenical_altar_mp_vishouse, chequers_hall_statues_y,
          minmay_box_of_dots
D:2:      minmay_spotlight, layout_loops_ring, basic_altar, minivault_24,
          minmay_tetromino_t2
D:3:      layout_rooms, mainiacjoe_overflow_catwalk
D:4:      layout_rooms, mainiacjoe_overflow_brackets, serial_shops,
          nicolae_square_shop, uniq_pikel, uniq_robin

Skill      XL: |  1  2  3  4  5  6 |
---------------+-------------------+-----
Fighting       | 4 5 7 |  7.4
Stealth        | 1 |  1.0
Dodging        | 4 5 |  5.1
Short Blades   | |  2.0
Shields        | |  3.0

Action                   |  1- 3 |  4- 6 |  7- 9 || total
-------------------------+-------+-------+-------++-------
Melee: Rapier            |    87 |    96 |     2 ||   185
       Constrict         |    22 |    27 |       ||    49
       Tentacles         |    11 |    19 |       ||    30
       Punch             |       |     1 |       ||     1
  Use: Scroll            |       |     6 |       ||     6
       Potion            |       |     1 |       ||     1
 Stab: Sleeping          |    11 |     5 |       ||    16
Armor: Skin              |     7 |     5 |       ||    12
Dodge: Dodged            |    71 |    94 |     2 ||   167
Block: Buckler           |    21 |    21 |       ||    42

Table legend: (Time is in decaauts)
 A = Elapsed time spent in this place.
 B = Non-inter-level travel time spent in this place.
 C = Inter-level travel time spent in this place.
 D = Time resting spent in this place.
 E = Time spent auto-exploring this place.
 F = Levels seen in this place.
 G = Mean time per level.
                   A        B        C        D        E       F      G
               +--------+--------+--------+--------+--------+-----+--------+
         Total |   2567 |   2468 |     99 |     33 |   1722 |   4 |  641.8 |
       Dungeon |   2567 |   2468 |     99 |     33 |   1722 |   4 |  641.8 |
               +--------+--------+--------+--------+--------+-----+--------+

Top non-repeatable levels by time:
     D:1: 848 daAuts
     D:2: 783 daAuts
     D:3: 613 daAuts
     D:4: 321 daAuts
